 Dungeon Crawl Stone Soup version 0.29-a0-234-g0dae59b3db (webtiles) character file.

Game seed: 9173289352302002263

72 sammy202020 the Skirmisher (level 4, -1/54 HPs)
             Began as a Demonspawn Berserker on Mar 3, 2022.
             Was a Believer of Trog.
             Slain by a worm (4 damage)
             ... on level 1 of the Dungeon.
             The game lasted 00:02:57 (1268 turns).

sammy202020 the Skirmisher (Demonspawn Berserker)   Turns: 1268, Time: 00:02:58

Health: -1/54      AC:  2    Str: 19    XL:     4   Next: 7%
Magic:  4/4        EV: 12    Int:  9    God:    Trog [**....]
Gold:   27         SH:  0    Dex: 12    Spells: 3/3 levels left

rFire   . . .      SeeInvis .   a - +0 mace (freeze)
rCold   . . .      Faith    .   (no shield)
rNeg    . . .      Spirit   .   b - +0 animal skin
rPois   .          Reflect  .   (no helmet)
rElec   .          Harm     .   (no cloak)
rCorr   .          Rampage  .   (no gloves)
Will    .....                   (no boots)
Stlth   ..........              (no amulet)
HPRegen 0.18/turn               (no ring)
MPRegen 0.18/turn               (no ring)

@: berserking (expiring), very quick
A: claws 1, magic regeneration
a: Renounce Religion, Berserk, Trog's Hand


You were on level 1 of the Dungeon.
You worshipped Trog.
Trog was pleased with you.
You visited 1 branch of the dungeon, and saw 1 of its levels.

You collected 27 gold pieces.

Inventory:

Hand Weapons
 a - a +0 mace of freezing (weapon)
Armour
 b - a +0 animal skin (worn)
Scrolls
 d - a scroll of identify
 e - a scroll of noise
 f - a scroll of enchant weapon {unknown}
Potions
 c - a potion of resistance {unknown}
 g - a potion of mutation {unknown}


   Skills:
 + Level 3.6 Fighting
 + Level 3.2 Maces & Flails
 + Level 2.5 Armour
 + Level 2.4 Dodging


You had 3 spell levels left.
You didn't know any spells.
Your spell library was empty.

Dungeon Overview and Level Annotations

Branches:
Dungeon (1/15)

Altars:


Innate Abilities, Weirdness & Mutations

You have sharp fingernails.
You regenerate magic rapidly.


Message History

The endoplasm is severely wounded.
The endoplasm jiggles.
The endoplasm hits you.
* * * LOW HITPOINT WARNING * * *
You sock the endoplasm! You freeze the endoplasm.
You kill the endoplasm!
Trog accepts your kill.
You hit the rat. You freeze the rat.
You kill the rat!
Trog accepts your kill.
You sock the rat! You freeze the rat.
You kill the rat!
Trog accepts your kill.
You can now call upon Trog for regeneration and willpower.
You sock the jackal! You freeze the jackal.
You kill the jackal!
Trog accepts your kill.
You have reached level 4!
You feel clever.
Your demonic ancestry asserts itself...
Your fingernails lengthen.
You closely miss the jackal. The jackal barely misses you.
You closely miss the jackal. The jackal bites you.
* * * LOW HITPOINT WARNING * * *
You hit the jackal. You freeze the jackal.
You kill the jackal!
Trog accepts your kill.
You sock the endoplasm! You freeze the endoplasm.
You kill the endoplasm!
Trog accepts your kill.
You hit the rat. You freeze the rat.
You kill the rat!
Trog accepts your kill.
You sock the giant cockroach! You freeze the giant cockroach.
You kill the giant cockroach!
Trog accepts your kill.
You barely miss the worm. You sock the worm! You freeze the worm.
The worm is almost dead.
The worm bites you.
You die...

#.# ##.## #.# #.#
#.###...#######.###### #.#
#.##.................# #.#
#.##.###############.# #.#
#.##.#.............#.# #.#
#####.##.#.............#.# #.#
.........#,....wJ.....,#.# #.#
...##.##.#######w#######.# #.#
##.##.##.#......@......#.# ##.#
.#....##.'⌠....###....⌠+.# #..#
.........#......<......#.# #.##
.#.......#..⌠...>...⌠..#.## #.#
.##.(###.###+#######'###..# #.#
..........................# #.#
..#..##..##)...###.##.##..# #.#
.....##.####..## #.##..[.#####.#
.....##.####.#####.#####.......#


You could see 2 worms and an endoplasm.

Vanquished Creatures
  A jelly (D:1)
  2 dart slugs (D:1)
  A ball python (D:1)
  7 endoplasms (D:1)
  2 giant cockroaches (D:1)
  2 goblins (D:1)
  2 hobgoblins (D:1)
  5 jackals (D:1)
  A quokka (D:1)
  2 bats (D:1)
  A frilled lizard (D:1)
  4 kobolds (D:1)
  5 rats (D:1)
35 creatures vanquished.

Notes
Turn   | Place    | Note
-------+----------+-------------------------------------------
     0 | D:1      | sammy202020 the Demonspawn Berserker began the quest for
                  | the Orb.
     0 | D:1      | Reached XP level 1. HP: 18/18 MP: 1/1
     1 | D:1      | Found a runed translucent door.
     3 | D:1      | Noticed a jelly
   195 | D:1      | Gained mutation: You regenerate magic rapidly. [demonic
                  | ancestry]
   195 | D:1      | Reached XP level 2. HP: 8/24 MP: 2/2
  1237 | D:1      | Reached XP level 3. HP: 18/29 MP: 3/3
  1256 | D:1      | HP: 2/43 [endoplasm (1)]
  1259 | D:1      | Reached ** piety under Trog
  1261 | D:1      | Gained mutation: You have sharp fingernails. [demonic
                  | ancestry]
  1261 | D:1      | Reached XP level 4. HP: 4/35 MP: 4/4
  1262 | D:1      | HP: 2/52 [jackal (2)]
  1268 | D:1      | Slain by a worm

Illustrated notes

Levels and vault maps discovered:
D:1:      dpeg_arrival_caged_fury, layout_loops_ring

Skill      XL: |  1  2 |
---------------+-------+-----
Armour         | 2 |  2.5
Dodging        | 2 |  2.4
Maces & Flails | 3 |  3.2
Fighting       | |  3.6

Action                   |  1- 3 |  4- 6 || total
-------------------------+-------+-------++-------
Melee: Mace              |    81 |     8 ||    89
Invok: Berserk           |     1 |       ||     1
  Use: Scroll            |     3 |       ||     3
 Stab: Sleeping          |     4 |       ||     4
Armor: Animal skin       |    12 |       ||    12
Dodge: Dodged            |    52 |     1 ||    53

Table legend: (Time is in decaauts)
 A = Elapsed time spent in this place.
 B = Non-inter-level travel time spent in this place.
 C = Inter-level travel time spent in this place.
 D = Time resting spent in this place.
 E = Time spent auto-exploring this place.
 F = Levels seen in this place.
 G = Mean time per level.
                   A        B        C        D        E       F      G
               +--------+--------+--------+--------+--------+-----+--------+
         Total |   1285 |   1285 |      0 |      0 |   1092 |   1 | 1285.0 |
       Dungeon |   1285 |   1285 |      0 |      0 |   1092 |   1 | 1285.0 |
               +--------+--------+--------+--------+--------+-----+--------+

Top non-repeatable levels by time:
     D:1: 1285 daAuts
